 Dungeon Crawl Stone Soup version 0.13.0-25-g43d4df3 (webtiles) character file.

800 Antunes the Skirmisher (level 7, -3/60 HPs)
             Began as a Minotaur Berserker on Oct 27, 2013.
             Was a Priest of Trog.
             Slain by Duvessa
             ... wielding a +1,+0 elven short sword
              (7 damage)
             ... on Level 6 of the Dungeon.
             The game lasted 00:32:08 (4363 turns).

Antunes the Skirmisher (Minotaur Berserker)         Turns: 4363, Time: 00:32:09

HP  -3/60        AC  7     Str 22      XL: 7   Next:  1%
MP   3/3         EV  9     Int  6      God: Trog [***...]
Gold 280         SH  0     Dex  9      Spells:  0 memorised,  6 levels left

Res.Fire  : . . .   See Invis. : .   p - +1,+0 battleaxe
Res.Cold  : . . .   Warding    : .   d - +0 scale mail
Life Prot.: + . .   Conserve   : .   (no shield)
Res.Poison: .       Res.Corr.  : .   (helmet restricted)
Res.Elec. : .       Clarity    : .   (no cloak)
Sust.Abil.: . .     Spirit.Shd : .   (no gloves)
Res.Mut.  : .       Stasis     : .   (no boots)
Res.Rott. : .       Flight     : .   j - amulet of the gourmand
Gourmand  : +                        (no ring)
                                     k - ring of positive energy

@: slightly resistant to hostile enchantments, extremely unstealthy
A: retaliatory headbutt, horns 2
a: Burn Spellbooks, Berserk, Trog's Hand, Renounce Religion


You were on level 6 of the Dungeon.
You worshipped Trog.
Trog was most pleased with you.
You were very full.

You visited 1 branch of the dungeon, and saw 6 of its levels.

You collected 260 gold pieces.

Inventory:

Hand weapons
 a - a +0,+0 falchion
 g - a +0,+0 short sword
 p - a +1,+0 battleaxe (weapon)
 s - a +2,+2 whip of reaching
 z - a +0,+2 orcish mace of protection
 D - a +2,+0 elven dagger
 G - a -1,+3 orcish dagger of venom
 I - a +0,+0 short sword
 M - a cursed -3,-2 war axe
Missiles
 e - 23 stones
 h - 44 darts (quivered)
 i - 58 arrows
 l - 47 sling bullets
 n - 3 needles of slowing
 v - 28 poisoned needles
 F - 28 bolts
Armour
 d - a +0 scale mail (worn)
Magical devices
 b - a wand of flame (12) {unknown}
 o - a wand of digging (24) {unknown}
 O - a wand of slowing (10) {unknown}
Comestibles
 c - 7 bread rations
 f - a meat ration
 q - a choko
 N - a lemon
Scrolls
 x - a scroll of teleportation
 K - a scroll of fog
Jewellery
 j - an amulet of the gourmand (around neck)
 k - a ring of positive energy (left hand)
 w - an uncursed ring of fire {unknown}
 y - an uncursed ring of protection from magic {unknown}
 J - a +5 ring of evasion {unknown}
Potions
 m - 2 potions of agility
 r - a potion of magic {unknown}
 t - 2 potions of restore abilities
 u - a potion of curing {unknown}
 A - a potion of speed {unknown}
 B - a potion of heal wounds {unknown}
 C - a potion of resistance {unknown}
 H - a potion of confusion {unknown}
Books
 E - a book of Power

   Spells                             Type                      Level
   Iskenderun's Mystic Blast          Conjuration                  4
   Venom Bolt                         Conjuration/Poison           5
   Bolt of Magma                      Conjuration/Fire/Earth       5
   Fulminant Prism                    Conjuration/Hexes            5
   Iron Shot                          Conjuration/Earth            6
   Orb of Destruction                 Conjuration                  7
   Trog disapproves of the use of such an item.


   Skills:
 + Level 5.1 Fighting
 + Level 4.7 Long Blades
 + Level 3.0 Axes
 + Level 5.0 Armour
 + Level 3.7 Dodging
 * Level 1.5 Stealth
 * Level 1.7 Evocations


You had 6 spell levels left.
You didn't know any spells.

Dungeon Overview and Level Annotations

Branches:
Dungeon (6/27)
 Temple: D:4-7          Orc: D:6-11

Altars:

Annotations:
D:5 Eustachio
D:6 Duvessa


Innate Abilities, Weirdness & Mutations

You reflexively headbutt those who attack you in melee.
You have a pair of horns on your head.


Message History

Dowan is lightly wounded.
You hit Duvessa but do no damage.
Duvessa is severely wounded.
You slash the worm!
The worm is heavily wounded.
Duvessa disappears!
Dowan hits you but does no damage. The worm bites you!
* * * LOW HITPOINT WARNING * * *
Dowan hits you but does no damage.
You barely miss the worm.
The worm is heavily wounded.
You slash Dowan!
Dowan is severely wounded.
Dowan hits you but does no damage. The worm bites you but does no damage.
Dowan hits you but does no damage.
You closely miss Dowan. You headbutt Dowan, but do no damage.
Dowan is severely wounded.
You hit the worm.
The worm is heavily wounded.
Dowan hits you but does no damage. The worm bites you.
* * * LOW HITPOINT WARNING * * *
Unknown command.
You barely miss Dowan.
Dowan is severely wounded.
You hit the worm.
The worm is almost dead.
Dowan closely misses you. The worm bites you but does no damage.
Dowan closely misses you. You furiously retaliate!
You headbutt Dowan. You slash the worm!
You kill the worm!
Trog accepts your kill.
You hit Dowan but do no damage. You headbutt Dowan.
You kill Dowan!
Trog accepts your kill.
Trog appreciates your killing of a magic user.
Duvessa screams, "No!
How DARE you!"
Duvessa goes berserk!
Your Axes skill increases to level 3!
You have reached level 7!
Duvessa hits you with an elven short sword!
You die...

###.####.#..#.# #.#
#..##..# # #.# #......#
#. #.# #####.## #. #.#
######.## ####.# #.#
#.......# ..... #.#
#.......#
#.####..#####.###.......#
.......e@......##.......#
#.####.)#####..##.......#
.....................#
...##.. ####....########
.. #..# #...........#
....#####...........#
.....................#
...........(........#
...#####.###.......#


You could see Duvessa (berserk).

Vanquished Creatures
  A necrophage (D:5)
  A phantom (D:4)
  Dowan (D:6)
  A hound (D:4)
  A scorpion (D:4)
  A killer bee zombie (D:6)
  Ijyb (D:2)
  3 gnolls
  6 adders
  A giant mite (D:4)
  2 worms
  3 giant geckos
  11 orcs
  2 ball pythons
  2 bat skeletons (D:4)
  5 giant cockroaches
  6 goblins
  10 hobgoblins
  6 jackals
  3 quokkas
  7 bats
  3 giant newts
  A hobgoblin skeleton (D:5)
  12 kobolds
  A quokka zombie (D:5)
  4 rats
95 creatures vanquished.

Notes
Turn   | Place    | Note
--------------------------------------------------------------
     0 | D:1      | Antunes, the Minotaur Berserker, began the quest for the Orb.
     0 | D:1      | Reached XP level 1. HP: 19/19 MP: 0/0
   239 | D:2      | Reached skill level 4 in Fighting
   239 | D:2      | Reached XP level 2. HP: 27/27 MP: 0/0
   883 | D:2      | Reached XP level 3. HP: 30/33 MP: 1/1
  1002 | D:2      | Reached skill level 3 in Armour
  1010 | D:2      | Reached skill level 4 in Long Blades
  1156 | D:2      | Acquired Trog's second power
  1186 | D:2      | Noticed Ijyb
  1197 | D:2      | Killed Ijyb
  1197 | D:2      | Reached XP level 4. HP: 30/40 MP: 1/1
  1833 | D:4      | Reached skill level 1 in Axes
  1919 | D:4      | Noticed a phantom
  1937 | D:4      | Killed a phantom
  1937 | D:4      | Reached skill level 4 in Armour
  1937 | D:4      | Reached skill level 3 in Dodging
  1937 | D:4      | Reached XP level 5. HP: 37/46 MP: 1/1
  2063 | D:4      | Reached skill level 1 in Evocations
  2108 | D:5      | Entered Level 5 of the Dungeon
  2153 | D:5      | Noticed a necrophage
  2163 | D:5      | Killed a necrophage
  2163 | D:5      | Reached skill level 5 in Fighting
  2163 | D:5      | Reached skill level 2 in Axes
  2163 | D:5      | Reached skill level 1 in Stealth
  2163 | D:5      | Reached XP level 6. HP: 43/53 MP: 1/3
  2211 | D:5      | Noticed Eustachio
  4248 | D:6      | Reached skill level 5 in Armour
  4352 | D:6      | Noticed Duvessa
  4354 | D:6      | Noticed Dowan
  4361 | D:6      | HP: 3/53 [worm (4)]
  4363 | D:6      | Killed Dowan
  4363 | D:6      | Reached skill level 3 in Axes
  4363 | D:6      | Reached XP level 7. HP: 4/60 MP: 3/3
  4363 | D:6      | Slain by Duvessa

Action                   |  1- 3 |  4- 6 |  7- 9 || total
-------------------------+-------+-------+-------++-------
Melee: Falchion          |    36 |       |       ||    36
       Battleaxe         |    27 |   130 |       ||   157
  Use: Scroll            |     4 |    10 |       ||    14

Table legend:
 A = Turns spent in this place as a percentage of turns spent in the entire game.
 B = Non-inter-level travel turns spent in this place as a percentage of non-inter-level travel turns spent in the entire game.
 C = Inter-level travel turns spent in this place as a percentage of turns spent in this place.
 D = Turns resting spent in this place as a percentage of non-inter-level travel turns spent in this place.
 E = Turns spent auto-exploring this place as a percentage of non-inter-level travel turns spent in this place.
 F = Non-inter-level travel turns spent in this place divided by the number of levels of this place that you've seen.
                   A       B       C       D       E      F
               +-------+-------+-------+-------+-------+----------------------
         Total | 100.0 | 100.0 |   0.0 |   1.0 |   1.8 | 420.2
       Dungeon | 100.0 | 100.0 |   0.0 |   1.0 |   1.8 | 420.2
               +-------+-------+-------+-------+-------+----------------------

Table legend:
 A = Kills in this place as a percentage of kills in entire the game.
 B = Kills by you in this place as a percentage of kills by you in the entire game.
 C = Kills by friends in this place as a percentage of kills by friends in the entire game.
 D = Other kills in this place as a percentage of other kills in the entire game.
 E = Experience gained in this place as a percentage of experience gained in the entire game.
 F = Experience gained in this place divided by the number of levels of this place that you have seen.
                   A       B       C       D       E      F
               +-------+-------+-------+-------+-------+----------------------
         Total | 100.0 | 100.0 |  -nan |  -nan | 100.0 | 124.0
       Dungeon | 100.0 | 100.0 |  -nan |  -nan | 100.0 | 124.0
               +-------+-------+-------+-------+-------+----------------------

Vault maps used:
D:1:      eino_entry_water_cross
D:2:      first_bread, serial_forest, infiniplex_forest_lined_2,
          infiniplex_forest_corner_1, infiniplex_forest_lined_ring,
          infiniplex_forest_straight_3, infiniplex_forest_clump_small,
          infiniplex_forest_clump_curved, infiniplex_forest_lined_1,
          minmay_misc_feat_tiny, uniq_iyjb
D:4:      solitary_fountain
D:5:      serial_shops, shop, minmay_misc_feat_cross, minmay_bad_closet,
          uniq_eustachio
D:6:      temple_hall, minmay_curled_crystal, uniq_pikel, uniq_duvessa

Action                   |  1- 3 |  4- 6 |  7- 9 || total
-------------------------+-------+-------+-------++-------
Melee: Falchion          |    36 |       |       ||    36
       Battleaxe         |    27 |   130 |       ||   157
  Use: Scroll            |     4 |    10 |       ||    14
Dungeon Crawl Stone Soup version 0.13.0-25-g43d4df3 (webtiles) character file. 800 Antunes the Skirmisher (level 7, -3/60 HPs) Began as a Minotaur Berserker on Oct 27, 2013. Was a Priest of Trog. Slain by Duvessa ... wielding a +1,+0 elven short sword (7 damage) ... on Level 6 of the Dungeon. The game lasted 00:32:08 (4363 turns). Antunes the Skirmisher (Minotaur Berserker) Turns: 4363, Time: 00:32:09 HP -3/60 AC 7 Str 22 XL: 7 Next: 1% MP 3/3 EV 9 Int 6 God: Trog [***...] Gold 280 SH 0 Dex 9 Spells: 0 memorised, 6 levels left Res.Fire : . . . See Invis. : . p - +1,+0 battleaxe Res.Cold : . . . Warding : . d - +0 scale mail Life Prot.: + . . Conserve : . (no shield) Res.Poison: . Res.Corr. : . (helmet restricted) Res.Elec. : . Clarity : . (no cloak) Sust.Abil.: . . Spirit.Shd : . (no gloves) Res.Mut. : . Stasis : . (no boots) Res.Rott. : . Flight : . j - amulet of the gourmand Gourmand : + (no ring) k - ring of positive energy @: slightly resistant to hostile enchantments, extremely unstealthy A: retaliatory headbutt, horns 2 a: Burn Spellbooks, Berserk, Trog's Hand, Renounce Religion You were on level 6 of the Dungeon. You worshipped Trog. Trog was most pleased with you. You were very full. You visited 1 branch of the dungeon, and saw 6 of its levels. You collected 260 gold pieces. Dungeon Overview and Level Annotations Branches: Dungeon (6/27) Temple: D:4-7 Orc: D:6-11 Altars: Annotations: D:5 Eustachio D:6 Duvessa Innate Abilities, Weirdness & Mutations You reflexively headbutt those who attack you in melee. You have a pair of horns on your head. Skills: + Level 5.1 Fighting + Level 4.7 Long Blades + Level 3.0 Axes + Level 5.0 Armour + Level 3.7 Dodging * Level 1.5 Stealth * Level 1.7 Evocations You had 6 spell levels left. You didn't know any spells. Inventory: Hand weapons a - a +0,+0 falchion g - a +0,+0 short sword p - a +1,+0 battleaxe (weapon) s - a +2,+2 whip of reaching z - a +0,+2 orcish mace of protection D - a +2,+0 elven dagger G - a -1,+3 orcish dagger of venom I - a +0,+0 short sword M - a cursed -3,-2 war axe Missiles e - 23 stones h - 44 darts (quivered) i - 58 arrows l - 47 sling bullets n - 3 needles of slowing v - 28 poisoned needles F - 28 bolts Armour d - a +0 scale mail (worn) Magical devices b - a wand of flame (12) {unknown} o - a wand of digging (24) {unknown} O - a wand of slowing (10) {unknown} Comestibles c - 7 bread rations f - a meat ration q - a choko N - a lemon Scrolls x - a scroll of teleportation K - a scroll of fog Jewellery j - an amulet of the gourmand (around neck) k - a ring of positive energy (left hand) w - an uncursed ring of fire {unknown} y - an uncursed ring of protection from magic {unknown} J - a +5 ring of evasion {unknown} Potions m - 2 potions of agility r - a potion of magic {unknown} t - 2 potions of restore abilities u - a potion of curing {unknown} A - a potion of speed {unknown} B - a potion of heal wounds {unknown} C - a potion of resistance {unknown} H - a potion of confusion {unknown} Books E - a book of Power Spells Type Level Iskenderun's Mystic Blast Conjuration 4 Venom Bolt Conjuration/Poison 5 Bolt of Magma Conjuration/Fire/Earth 5 Fulminant Prism Conjuration/Hexes 5 Iron Shot Conjuration/Earth 6 Orb of Destruction Conjuration 7 Trog disapproves of the use of such an item. Message History Dowan is lightly wounded. You hit Duvessa but do no damage. Duvessa is severely wounded. You slash the worm! The worm is heavily wounded. Duvessa disappears! Dowan hits you but does no damage. The worm bites you! * * * LOW HITPOINT WARNING * * * Dowan hits you but does no damage. You barely miss the worm. The worm is heavily wounded. You slash Dowan! Dowan is severely wounded. Dowan hits you but does no damage. The worm bites you but does no damage. Dowan hits you but does no damage. You closely miss Dowan. You headbutt Dowan, but do no damage. Dowan is severely wounded. You hit the worm. The worm is heavily wounded. Dowan hits you but does no damage. The worm bites you. * * * LOW HITPOINT WARNING * * * Unknown command. You barely miss Dowan. Dowan is severely wounded. You hit the worm. The worm is almost dead. Dowan closely misses you. The worm bites you but does no damage. Dowan closely misses you. You furiously retaliate! You headbutt Dowan. You slash the worm! You kill the worm! Trog accepts your kill. You hit Dowan but do no damage. You headbutt Dowan. You kill Dowan! Trog accepts your kill. Trog appreciates your killing of a magic user. Duvessa screams, "No! How DARE you!" Duvessa goes berserk! Your Axes skill increases to level 3! You have reached level 7! Duvessa hits you with an elven short sword! You die... ###.####.#..#.# #.# #..##..# # #.# #......# #. #.# #####.## #. #.# ######.## ####.# #.# #.......# ..... #.# #.......# #.####..#####.###.......# .......e@......##.......# #.####.)#####..##.......# .....................# ...##.. ####....######## .. #..# #...........# ....#####...........# .....................# ...........(........# ...#####.###.......# You could see Duvessa (berserk).

Vanquished Creatures
  A necrophage (D:5)
  A phantom (D:4)
  Dowan (D:6)
  A hound (D:4)
  A scorpion (D:4)
  A killer bee zombie (D:6)
  Ijyb (D:2)
  3 gnolls
  6 adders
  A giant mite (D:4)
  2 worms
  3 giant geckos
  11 orcs
  2 ball pythons
  2 bat skeletons (D:4)
  5 giant cockroaches
  6 goblins
  10 hobgoblins
  6 jackals
  3 quokkas
  7 bats
  3 giant newts
  A hobgoblin skeleton (D:5)
  12 kobolds
  A quokka zombie (D:5)
  4 rats
95 creatures vanquished. Notes Turn | Place | Note -------------------------------------------------------------- 0 | D:1 | Antunes, the Minotaur Berserker, began the quest for the Orb. 0 | D:1 | Reached XP level 1. HP: 19/19 MP: 0/0 239 | D:2 | Reached skill level 4 in Fighting 239 | D:2 | Reached XP level 2. HP: 27/27 MP: 0/0 883 | D:2 | Reached XP level 3. HP: 30/33 MP: 1/1 1002 | D:2 | Reached skill level 3 in Armour 1010 | D:2 | Reached skill level 4 in Long Blades 1156 | D:2 | Acquired Trog's second power 1186 | D:2 | Noticed Ijyb 1197 | D:2 | Killed Ijyb 1197 | D:2 | Reached XP level 4. HP: 30/40 MP: 1/1 1833 | D:4 | Reached skill level 1 in Axes 1919 | D:4 | Noticed a phantom 1937 | D:4 | Killed a phantom 1937 | D:4 | Reached skill level 4 in Armour 1937 | D:4 | Reached skill level 3 in Dodging 1937 | D:4 | Reached XP level 5. HP: 37/46 MP: 1/1 2063 | D:4 | Reached skill level 1 in Evocations 2108 | D:5 | Entered Level 5 of the Dungeon 2153 | D:5 | Noticed a necrophage 2163 | D:5 | Killed a necrophage 2163 | D:5 | Reached skill level 5 in Fighting 2163 | D:5 | Reached skill level 2 in Axes 2163 | D:5 | Reached skill level 1 in Stealth 2163 | D:5 | Reached XP level 6. HP: 43/53 MP: 1/3 2211 | D:5 | Noticed Eustachio 4248 | D:6 | Reached skill level 5 in Armour 4352 | D:6 | Noticed Duvessa 4354 | D:6 | Noticed Dowan 4361 | D:6 | HP: 3/53 [worm (4)] 4363 | D:6 | Killed Dowan 4363 | D:6 | Reached skill level 3 in Axes 4363 | D:6 | Reached XP level 7. HP: 4/60 MP: 3/3 4363 | D:6 | Slain by Duvessa
